 Dungeon Crawl Stone Soup version 0.19-a0-1855-gb7442ac (webtiles) character file.

548 graymark the Magician (level 7, -10/54 HPs)
             Began as a Tengu Wizard on Oct 11, 2016.
             Killed by divine providence
             ... invoked by an orc priest
              (13 damage)
             ... on level 5 of the Dungeon.
             The game lasted 00:26:13 (6480 turns).

graymark the Magician (Tengu Wizard)                Turns: 6480, Time: 00:26:14

Health: -10/54     AC: 23    Str: 12    XL:     7   Next: 28%
Magic:  0/16       EV:  2    Int: 24    God:
Gold:   129        SH:  0    Dex: 12    Spells: 7 memorised, 2 levels left

rFire  . . .     SeeInvis .     i - +0 dagger
rCold  . . .     Gourm    .     (armour currently unavailable)
rNeg   + + +     Faith    .     (no shield)
rPois  +         Spirit   .     (helmet currently unavailable)
rElec  .         Dismiss  .     (cloak currently unavailable)
rCorr  .         Reflect  .     (gloves currently unavailable)
MR     .....     Harm     .     (boots unavailable)
Stlth  +++....... NoTele   +    (no amulet)
                                (no ring)
                                u - +3 ring of intelligence

@: mighty, lethally poisoned (-10 -> -11), tree-form
A: (beak), (talons 0), able to fly 1
a: Fly


You were on level 5 of the Dungeon.
You were not hungry.
You were a tree.
You visited 1 branch of the dungeon, and saw 5 of its levels.

You collected 129 gold pieces.

Inventory:

Hand Weapons
 i - a +0 dagger (weapon)
Missiles
 s - 15 sling bullets
Armour
 a - a +0 robe
 b - a +0 hat (melded)
 g - a +1 robe of positive energy (melded)
 j - a +0 cloak (melded)
Jewellery
 f - an uncursed ring of ice
 k - an uncursed amulet of harm
 u - a +3 ring of intelligence (left branch)
Wands
 n - a wand of random effects (30/48)
Scrolls
 o - a scroll of recharging
Potions
 h - 2 potions of brilliance
 p - 2 potions of might
Books
 c - a book of Minor Magic

   Spells                             Type                      Level
   a - Magic Dart                     Conjuration                  1
   b - Blink                          Translocation                2
   c - Call Imp                       Summoning                    2
   d - Repel Missiles                 Charms/Air                   2
   e - Slow                           Hexes                        2
   f - Conjure Flame                  Conjuration/Fire             3
   g - Mephitic Cloud                 Conjuration/Poison/Air       3
Comestibles
 d - 6 bread rations
 l - a beef jerky
 m - 3 fruits


   Skills:
 - Level 2.1 Dodging
 + Level 4.5 Stealth
 * Level 5.7 Spellcasting
 + Level 4.9 Conjurations
 - Level 1.2 Summonings
 - Level 0.7 Translocations


You had 2 spell levels left.
You knew the following spells:

 Your Spells              Type           Power        Failure   Level  Hunger
a - Magic Dart            Conj           ####         1%          1    None
b - Blink                 Tloc           N/A          12%         2    None
c - Repel Missiles        Chrm/Air       #.....       14%         2    None
d - Conjure Flame         Conj/Fire      ###.....     12%         3    #......
e - Call Imp              Summ           ##......     10%         2    None
f - Slow                  Hex            #.......     14%         2    None
g - Mephitic Cloud        Conj/Pois/Air  ##......     14%         3    #......


Dungeon Overview and Level Annotations

Branches:
Dungeon (5/15)
 Temple: D:4-7

Altars:

Annotations:
D:3 exclusion: downstairs
D:4 exclusions: downstairs and upstairs, Edmund, Sigmund


Innate Abilities, Weirdness & Mutations

((You have a beak for a mouth.))
((You have claws for feet.))
You can fly.


Message History

Confirm with . or Enter, or press ? or * to list all spells.
Aiming: Magic Dart
Press: ? - help, Shift-Dir - straight line, f/p - Eustachio
Aim: Eustachio, wielding a falchion of venom, wearing a leather armour and wearing a marble ring (black smoke, almost dead)
The magic dart hits Eustachio.
You kill Eustachio!
The bat disappears in a puff of smoke!
You have reached level 7!
The orc priest calls down the wrath of Beogh upon you.
Beogh smites you!
* * * LOW HITPOINT WARNING * * *
You turn into a tree.
Your +0 cloak melds into your body.
Your +0 hat melds into your body.
Your +1 robe of positive energy melds into your body.
You feel less protected from negative energy.
Your roots penetrate the ground.
You feel very mighty all of a sudden.
The orc priest mumbles some strange prayers to Beogh against you.
Beogh smites you!
You die...

## #o# #o#
#w# #o# #§#
#.# ##)##
#.♣.###
#..#(..#
#....#.#
.....#.##.#
##.###.##.##
#. #.#...# .
..#.#.# #
###...#
##.##


You could see a worm, an orc priest and 2 orcs.

Vanquished Creatures
  Eustachio (D:5)
  An ogre (D:4)
  A crimson imp (D:5)
  A centaur skeleton (D:4)
  4 worker ants (D:4)
  7 adders
  An ooze (D:1)
  2 worms
  A dart slug (D:4)
  3 leopard geckos
  8 orcs
  5 bats
  6 giant cockroaches
  7 goblins
  11 hobgoblins
  4 jackals
  5 kobolds
  A quokka (D:3)
  A jackal zombie (D:5)
  14 rats
84 creatures vanquished.

Notes
Turn   | Place    | Note
-------+----------+-------------------------------------------
     0 | D:1      | graymark the Tengu Wizard began the quest for the Orb.
     0 | D:1      | Reached XP level 1. HP: 10/10 MP: 5/5
   270 | D:1      | Reached XP level 2. HP: 10/15 MP: 0/7
   341 | D:1      | Learned a level 2 spell: Blink
   344 | D:1      | Learned a level 2 spell: Repel Missiles
  1133 | D:1      | Reached XP level 3. HP: 15/19 MP: 8/8
  1141 | D:1      | Learned a level 3 spell: Conjure Flame
  2291 | D:2      | Reached XP level 4. HP: 23/24 MP: 5/10
  2849 | D:3      | Reached skill level 4 in Spellcasting
  3592 | D:3      | Learned a level 2 spell: Call Imp
  4057 | D:4      | HP: 1/24 [worker ant (2)]
  4059 | D:4      | Gained mutation: You can fly. [Tengu growth]
  4059 | D:4      | Reached XP level 5. HP: 26/28 MP: 3/12
  4633 | D:4      | Noticed an orc warrior
  5035 | D:4      | Noticed Edmund
  5189 | D:4      | Noticed Sigmund
  5330 | D:4      | Noticed an ogre
  5340 | D:4      | Killed an ogre
  5340 | D:4      | Reached XP level 6. HP: 32/32 MP: 1/14
  5468 | D:4      | Reached skill level 5 in Spellcasting
  5740 | D:4      | Learned a level 2 spell: Slow
  5744 | D:4      | Learned a level 3 spell: Mephitic Cloud
  6052 | D:5      | Entered Level 5 of the Dungeon
  6294 | D:5      | Noticed Eustachio
  6478 | D:5      | Killed Eustachio
  6478 | D:5      | Reached XP level 7. HP: 14/36 MP: 0/16
  6480 | D:5      | Killed from afar by an orc priest

Vault maps used:
D:1:      lightli_arrival_boilingwater, minmay_misc_feat_tower,
          serial_bayou_pond_e
D:3:      first_bread
D:4:      uniq_sigmund, uniq_crazy_yiuf_cottage, uniq_edmund
D:5:      xom_butterflies, serial_shops, nicolae_shop_statue_plus,
          nicolae_shop_temple_entry_statues_fountains,
          nicolae_shop_overgrown_old_shop, shop, uniq_eustachio

Skill      XL: |  1  2  3  4  5  6 |
---------------+-------------------+-----
Conjurations   | 2 3 4 |  4.9
Spellcasting   | 4 5 |  5.7
Stealth        | 3 4 |  4.5
Dodging        | |  2.1
Summonings     | |  1.2
Translocations | |  0.7

Action                   |  1- 3 |  4- 6 |  7- 9 || total
-------------------------+-------+-------+-------++-------
Melee: Peck              |     8 |    15 |       ||    23
       Unarmed           |     1 |       |       ||     1
       Dagger            |    44 |   123 |       ||   167
       Kick              |    15 |    20 |       ||    35
 Cast: Magic Dart        |    77 |   197 |     1 ||   275
       Conjure Flame     |       |     3 |       ||     3
       Slow              |       |     1 |       ||     1
       Blink             |       |     1 |       ||     1
Evoke: Wand              |       |     1 |       ||     1
  Use: Scroll            |     3 |     9 |       ||    12
       Potion            |       |     2 |     2 ||     4
 Stab: Sleeping          |       |     5 |       ||     5
  Eat: Chunk             |     4 |    14 |       ||    18
Armor: Robe              |     9 |    48 |       ||    57
Dodge: Dodged            |    41 |   107 |       ||   148
